 Dungeon Crawl Stone Soup version 0.17-a0-671-g4330659 (webtiles) character file.

86 sugabear the Covered (level 4, -6/29 HPs)
             Began as a Gargoyle Fighter on Apr 18, 2015.
             Mangled by a gnoll
             ... wielding a +0 halberd
              (10 damage)
             ... on level 3 of the Dungeon.
             The game lasted 00:01:50 (1626 turns).

sugabear the Covered (Gargoyle Fighter)             Turns: 1626, Time: 00:01:50

Health: -6/29      AC: 10    Str: 21    XL:     4   Next: 50%
Magic:  4/4        EV:  3    Int:  8    God:
Gold:   91         SH:  9    Dex:  9    Spells: 0 memorised, 3 levels left

rFire  . . .     SeeInvis .     a - +0 war axe
rCold  . . .     Clarity  .     b - +0 scale mail
rNeg   + . .     SustAb   .     c - +0 shield
rPois  ∞         Gourm    .     (no helmet)
rElec  +         Spirit   .     (no cloak)
rCorr  .         Warding  .     (no gloves)
rMut   .         Stasis   .     (no boots)
MR     .....                    (no amulet)
Stlth  ..........               (no ring)
                                (no ring)

@: not resistant to hostile enchantments, extremely unstealthy
A: negative energy resistance 1, electricity resistance, unbreathing,
petrification resistance, rot immunity, AC +3
a: no special abilities


You were on level 3 of the Dungeon.
You were hungry.

You visited 1 branch of the dungeon, and saw 3 of its levels.

You collected 91 gold pieces.

Inventory:

Hand weapons
 a - a +0 war axe (weapon)
Armour
 b - a +0 scale mail (worn)
 c - a +0 shield (worn)
 m - a +2 hat
Jewellery
 r - a +4 ring of evasion {unknown}
Scrolls
 i - a scroll of noise {unknown}
 j - a scroll of fog {unknown}
 n - a scroll of enchant weapon {unknown}
 o - a scroll of magic mapping {unknown}
Potions
 e - a potion of might
 g - a potion of haste {unknown}
 h - a potion of curing {unknown}
 k - a potion of degeneration {unknown}
 l - 2 potions of brilliance {unknown}
 q - a potion of cancellation {unknown}
Comestibles
 d - 2 bread rations
 f - a meat ration


   Skills:
 + Level 3.7 Fighting
 + Level 2.1 Axes
 + Level 4.1 Armour
 + Level 1.3 Dodging
 + Level 3.9 Shields


You had 3 spell levels left.
You didn't know any spells.

Dungeon Overview and Level Annotations

Branches:
Dungeon (3/15)

Altars:


Innate Abilities, Weirdness & Mutations

You are resistant to torment.
Your stone body is resilient (AC +3).
You are immune to poison.
You resist negative energy.
You are resistant to electric shocks.
You can survive without breathing.
You are immune to petrification.
You are immune to rotting.


Message History

You slash the worm!
The worm is severely wounded.
You closely miss the gnoll. You block the gnoll's attack.
The rat bites you but does no damage. The worm barely misses you.
A gnoll comes into view. It is wielding a flail.
You hit the worm.
The worm is almost dead.
Your shield and scale mail prevent you from hitting the gnoll.
You hit the gnoll.
The gnoll is lightly wounded.
You closely miss the rat.
The gnoll hits you from afar with a halberd!
The gnoll hits you with a flail.
* * * LOW HITPOINT WARNING * * *
You block the rat's attack. You block the gnoll's attack.
A kobold comes into view.
You block the gnoll's attack.
There is a stone staircase leading up here.
The gnoll hits you from afar with a halberd!
You die...

...>
.....?...
...)?......
#..........
..
#.........
K...
#.......
.....
.....##.....
#.#....##...
#.@w.g......
#.rg........
#g..g...##..
#.##.....#
#. .#.....
#. ##.##..
<. . .. .. .


You could see a worm, 3 gnolls, a hobgoblin and a rat.

Vanquished Creatures
  3 adders (D:2)
  2 bats
  4 goblins
  5 hobgoblins
  14 jackals (D:2)
  3 quokkas (D:2)
  A ball python (D:1)
  5 giant cockroaches
  A giant gecko (D:1)
  4 giant newts
  4 kobolds
  11 rats
57 creatures vanquished.

Notes
Turn   | Place    | Note
--------------------------------------------------------------
     0 | D:1      | sugabear, the Gargoyle Fighter, began the quest for the Orb.
     0 | D:1      | Reached XP level 1. HP: 14/14 MP: 1/1
   138 | D:1      | Reached XP level 2. HP: 19/19 MP: 2/2
   676 | D:2      | Reached XP level 3. HP: 18/23 MP: 3/3
   893 | D:2      | Reached skill level 1 in Dodging
  1178 | D:2      | Reached XP level 4. HP: 29/29 MP: 4/4
  1249 | D:2      | Reached skill level 4 in Armour
  1626 | D:3      | Mangled by a gnoll

Action                   |  1- 3 |  4- 6 || total
-------------------------+-------+-------++-------
Melee: War axe           |   142 |    23 ||   165
  Eat: Chunk             |     1 |     1 ||     2
